 Dungeon Crawl Stone Soup version 0.30-a0-394-g3e4acdb0ae (webtiles) character file.

Game seed: 12768258033855712872

16183 Pooter the Cleaver (level 12, -1/106 HPs)
             Began as a Minotaur Monk on Dec 6, 2022.
             Was a High Priest of Okawaru.
             Slain by Jorgrun
             ... wielding a +0 vorpal quarterstaff
              (4 damage)
             ... while petrified by Jorgrun
             ... on level 1 of the Orcish Mines.
             The game lasted 01:05:10 (12558 turns).

Pooter the Cleaver (Minotaur Monk)                 Turns: 12558, Time: 01:05:10

Health: -1/106     AC: 22    Str: 19    XL:     12   Next: 7%
Magic:  14/15      EV:  2    Int:  7    God:    Okawaru [*****.]
Gold:   1768       SH:  0    Dex: 15    Spells: 11/11 levels left

rFire   x . .      SeeInvis .    a - +7 battleaxe
rCold   + . .      Faith    .    (shield currently unavailable)
rNeg    + + +      Spirit   .    A - +6 plate armour of Ahotoehe {rElec Stlth+}
rPois   ∞          Reflect  .    U - +0 hat
rElec   +          Harm     .    G - +2 cloak {rPois}
rCorr   .          Rampage  .    T - +0 pair of gloves
Will    .....                    (no boots)
Stlth   +.........               (no amulet)
HPRegen 0.37/turn                x - ring of Mydic {Ice Drain +Blink rElec Slay+5}
MPRegen 0.14/turn                r - +4 ring of slaying

@: petrified, heroic
A: horns 2, retaliatory headbutt
a: Renounce Religion, Evoke Blink, Heroism, Finesse, Duel


You were on level 1 of the Orcish Mines.
You worshipped Okawaru.
Okawaru was extremely pleased with you.
You visited 3 branches of the dungeon, and saw 12 of its levels.

You collected 1768 gold pieces.

Inventory:

Hand Weapons
 a - a +7 battleaxe (weapon)
   (You took it off a wight on level 8 of the Dungeon)
 b - a +0 hand crossbow
   (You took it off a wight on level 9 of the Dungeon)
 z - a +5 dire flail
   (You took it off a wight on level 9 of the Dungeon)
 H - a +4 quarterstaff of chaos
   (You took it off Crazy Yiuf on level 6 of the Dungeon)
 J - a +2 halberd of pain
   (You took it off Maggie on level 7 of the Dungeon)
 S - a +2 hand axe of electrocution
   (You took it off an orc on level 6 of the Dungeon)
Missiles
 i - 4 javelins
 m - 4 datura-tipped darts
 q - 19 poisoned darts (quivered)
 v - 4 boomerangs
 y - 2 throwing nets {!f}
 Q - 116 stones
 R - a curare-tipped dart
Armour
 A - the +6 plate armour of Ahotoehe (worn) {rElec Stlth+}
   (You found it on level 5 of the Dungeon)

   rElec:     It insulates you from electricity.
   Stlth:     It makes you more stealthy.
 G - a +2 cloak of poison resistance (worn)
   (You took it off Crazy Yiuf on level 6 of the Dungeon)
 T - a +0 pair of gloves (worn)
   (You found it on level 9 of the Dungeon)
 U - a +0 hat (worn)
   (You took it off Gastronok on level 8 of the Dungeon)
Jewellery
 k - a +4 ring of evasion
   (You found it on level 1 of the Dungeon)
 p - a +4 ring of protection
   (You found it on level 2 of the Dungeon)
 r - a +4 ring of slaying (right hand)
   (You found it on level 3 of the Dungeon)
 x - the ring of Mydic (left hand) {Ice Drain +Blink rElec Slay+5}
   (You acquired it on level 9 of the Dungeon)

   [ring of ice]

   It enhances your ice magic.
   Slay:      It affects your accuracy & damage with ranged weapons and melee
   (+5).
   rF:        It makes you vulnerable to fire.
   rC:        It protects you from cold.
   rElec:     It insulates you from electricity.
   +Blink:    It lets you blink.
   Drain:     It drains your maximum health when unequipped.
 I - a ring of protection from cold
   (You found it on level 7 of the Dungeon)
 O - the ring of Midsummer {rPois Will+++ rCorr Str-3 SInv}
   (You found it on level 10 of the Dungeon)

   [ring of see invisible]

   Str:       It affects your strength (-3).
   rPois:     It protects you from poison.
   SInv:      It lets you see invisible.
   rCorr:     It protects you from acid and corrosion.
   Will:      It greatly increases your willpower.
 P - a ring of poison resistance
   (You found it on level 3 of the Dungeon)
Wands
 d - a wand of iceblast (7)
   (You found it on level 7 of the Dungeon)
 f - a wand of flame (73)
   (You took it off Ijyb on level 5 of the Dungeon)
 D - a wand of digging (8)
   (You found it on level 7 of the Dungeon)
 M - a wand of polymorph (5)
   (You found it on level 7 of the Dungeon)
Scrolls
 e - 4 scrolls of fear
 j - a scroll of blinking
 l - 5 scrolls of poison
 s - 2 scrolls of noise {!r}
 t - 2 scrolls of teleportation {@r4}
 u - a scroll of immolation {!r}
 B - 5 scrolls of enchant armour
 K - 3 scrolls of vulnerability {!r}
Potions
 c - 2 potions of ambrosia
 g - 6 potions of curing {@q1}
 h - 2 potions of flight
 n - 2 potions of cancellation
 o - 2 potions of brilliance
 w - a potion of berserk rage {unknown}
 C - a potion of heal wounds {unknown}
 E - a potion of lignification {unknown}
 F - a potion of mutation {unknown}
 L - 4 potions of haste {@q3}
 N - 2 potions of degeneration {unknown}


   Skills:
 + Level 9.9(14.9) Fighting
 * Level 13.4(18.4) Axes
 * Level 11.5(16.5) Ranged Weapons
 - Level 3.2(8.2) Dodging
 - Level 4.9(9.9) Stealth
 - Level 2.8 Necromancy
 + Level 5.5 Invocations
 + Level 5.1 Evocations


You had 11 spell levels left.
You didn't know any spells.
Your spell library contained the following spells:

 Spells                   Type           Power      Damage    Failure   Level
 Necrotise                Necr           12%        1d4       99%         1
 Apportation              Tloc           0%         N/A       100%        1
 Magic Dart               Conj           0%         1d3       100%        1
 Sandblast                Erth           0%         2d4       100%        1
 Passwall                 Tmut/Erth      0%         N/A       100%        2
 Searing Ray              Conj           0%         2d4       100%        2
 Kindle Blastsparks       Fire/Tloc/Air  0%         2d10      100%        3
 Stone Arrow              Conj/Erth      0%         3d7       100%        3
 Airstrike                Air            0%         2d(0-16)  100%        4
 Fulminant Prism          Conj/Hex       0%         3d5       100%        4
 Iskenderun's Mystic Bla  Conj/Tloc      0%         2d3       100%        4
 Lee's Rapid Deconstruct  Erth           0%         3d4*      100%        5
 Lightning Bolt           Conj/Air       0%         1d11      100%        5
 Summon Small Mammal      Summ           Unusable   N/A       N/A         1
 Summon Lightning Spire   Summ/Air       Unusable   N/A       N/A         4

Dungeon Overview and Level Annotations

Branches:
Dungeon (10/15)            Temple (1/1) D:6            Lair (0/5) D:8
    Orc (1/2) D:9

Altars:
Ashenzari
Cheibriados
Dithmenos
Elyvilon
Fedhas
Gozag
Hepliaklqana
Kikubaaqudgha
Makhleb
Nemelex Xobeh
Okawaru
Qazlal
Ru
Sif Muna
Trog
Uskayaw
Vehumet
Wu Jian
Xom
Yredelemnul
Zin
The Shining One

Shops:
D:7 :

Annotations:
D:3 1 runed translucent door, bchevrier's ghost, amateur GnWn
D:4 2 runed translucent doors, DeathPants's ghost, novice VSEn
Orc:1 Fannar; Jorgrun


Innate Abilities, Weirdness & Mutations

You have a pair of horns on your head.
You reflexively headbutt those who attack you in melee.


Message History

The ice beast hits you but does no damage.
Something hits you but does no damage. Jorgrun hits you but does no damage.
The grasping roots constrict you!
* * * LOW HITPOINT WARNING * * *
Fannar hits you but does no damage. Something hits you but does no damage.
Something hits you.
The ice beast hits you but does no damage.
Something hits you but does no damage.
Jorgrun says, "'tis place shall be yer tomb!"
Jorgrun hits you but does no damage. The grasping roots constrict you!
* * * LOW HITPOINT WARNING * * *
Fannar gestures wildly while chanting.
You hear some strange, mumbled words.
Something tries to affect you, but you resist.
Fannar hits you with a +0 quarterstaff of freezing.
* * * LOW HITPOINT WARNING * * *
Fannar freezes you. Something hits you but does no damage.
The ice beast hits you but does no damage.
Jorgrun hits you with a +0 vorpal quarterstaff.
* * * LOW HITPOINT WARNING * * *
The grasping roots constrict you.
* * * LOW HITPOINT WARNING * * *
The ice beast hits you but does no damage.
Something hits you.
* * * LOW HITPOINT WARNING * * *
Fannar hits you but does no damage. Something hits you but does no damage.
The ice beast hits you but does no damage.
The orc hits you from afar with a +0 trident.
* * * LOW HITPOINT WARNING * * *
Jorgrun points at you and mumbles some strange words.
The iron shot hits you!!
* * * LOW HITPOINT WARNING * * *
The grasping roots constrict you!
* * * LOW HITPOINT WARNING * * *
The ice beast hits you but does no damage.
The grasping roots release their grip on you.
Something hits you but does no damage. Something hits you but does no damage.
Something hits you but does no damage. The orc hits you but does no damage.
The ice beast hits you but does no damage.
The ice beast barely misses you.
Fannar hits you with a +0 quarterstaff of freezing.
* * * LOW HITPOINT WARNING * * *
Fannar freezes you.
Jorgrun hits you with a +0 vorpal quarterstaff!
You die...

#....#.....
...#.....##### .
.#........... ..
............
...##...........
............$...
.......[.$......
.....[.eg{......
......oY@{......
........Y[......
...#............
................
................
................
.....#.#...>....
...........$...


You could see Jorgrun, Fannar, 2 ice beasts and an orc.

Vanquished Creatures
  Gastronok (D:8)
  Erolcha (Arena)
  2 two-headed ogres
  Pikel (D:8)
  An orc sorcerer (Orc:1)
  Maggie (D:7)
  A gargoyle (D:10)
  A kobold demonologist (D:7)
  3 trolls
  A hornet (D:8)
  23 yaks
  4 wyverns
  A basilisk (D:8)
  2 steam dragons (D:6)
  6 water moccasins
  3 acid dragons
  An ice beast (D:7)
  9 orc warriors
  2 ogres
  4 centaurs
  2 kobold brigands (D:9)
  2 phantoms
  5 scorpions
  A gnoll sergeant (D:10)
  22 wights
  Dowan (D:6)
  14 killer bees
  2 howler monkeys
  3 jellies
  11 orc priests
  6 hounds
  Crazy Yiuf (D:6)
  A gnoll bouda (D:8)
  11 iguanas
  Ijyb (D:5)
  11 orc wizards
  9 gnolls
  6 adders
  5 white imps
  7 worms
  3 dart slugs
  39 orcs
  4 ball pythons
  8 bats
  6 endoplasms
  2 giant cockroaches
  8 goblins
  6 hobgoblins
  6 jackals
  6 quokkas
  2 frilled lizards
  18 kobolds
  8 rats
305 creatures vanquished.

Vanquished Creatures (collateral kills)
  Duvessa (D:6)
  A bullfrog (D:6)
  An orc priest (D:4)
  A gnoll (D:4)
  5 orcs
9 creatures vanquished.

Vanquished Creatures (others)
  An orc priest (D:6)
  An orc wizard (D:10)
  3 orcs
  5 bushes (D:8)
  5 fungi
  21 plants (D:8)
  4 toadstools (D:4)
  2 withered plants (D:3)
42 creatures vanquished.

Grand Total: 356 creatures vanquished

Notes
Turn   | Place    | Note
-------+----------+-------------------------------------------
     0 | D:1      | Pooter the Minotaur Monk began the quest for the Orb.
     0 | D:1      | Reached XP level 1. HP: 19/19 MP: 0/0
   172 | D:1      | Reached skill level 4 in Axes
   172 | D:1      | Reached XP level 2. HP: 21/27 MP: 1/1
   562 | D:1      | Reached XP level 3. HP: 33/33 MP: 2/2
  1344 | D:2      | Reached XP level 4. HP: 41/41 MP: 3/3
  1443 | D:3      | Reached skill level 5 in Axes
  1636 | D:3      | Found a runed translucent door.
  1636 | D:3      | Noticed bchevrier's ghost (amateur GnWn)
  1709 | D:3      | Found a hazy altar of Hepliaklqana.
  1724 | D:3      | Found a broken altar of Ashenzari.
  1895 | D:3      | Found a white marble altar of Elyvilon.
  2047 | D:3      | Noticed a moth of wrath
  2049 | D:3      | Found a bloodstained altar of Trog.
  2088 | D:3      | Reached skill level 1 in Ranged Weapons
  2301 | D:4      | Reached XP level 5. HP: 39/47 MP: 4/4
  2331 | D:4      | Found a shadowy altar of Dithmenos.
  2480 | D:4      | Noticed a phantom
  2490 | D:4      | Killed a phantom
  2798 | D:4      | Reached XP level 6. HP: 55/55 MP: 5/5
  3061 | D:4      | Reached skill level 6 in Axes
  3125 | D:4      | Reached skill level 5 in Fighting
  3151 | D:4      | Found a large runed translucent door.
  3151 | D:4      | Found a large runed translucent door.
  3154 | D:4      | Noticed DeathPants's ghost (novice VSEn)
  3688 | D:5      | Entered Level 5 of the Dungeon
  3743 | D:5      | Identified the +6 plate armour of Ahotoehe {rElec Stlth+}
  3817 | D:5      | Found a stormy altar of Qazlal.
  3962 | D:5      | Noticed Ijyb
  3966 | D:5      | Killed Ijyb
  4013 | D:5      | Reached XP level 7. HP: 52/61 MP: 6/6
  4104 | D:5      | Reached skill level 7 in Axes
  4663 | D:6      | Reached skill level 5 in Ranged Weapons
  4750 | D:6      | Reached XP level 8. HP: 70/70 MP: 7/7
  5407 | D:6      | Reached skill level 8 in Axes
  5436 | D:6      | Found a staircase to the Ecumenical Temple.
  5444 | Temple   | Entered the Ecumenical Temple
  5870 | D:6      | Found a runed translucent door.
  5871 | D:6      | Noticed Crazy Yiuf
  5889 | D:6      | Noticed Duvessa
  6271 | D:6      | Noticed Dowan
  6279 | D:6      | Killed Duvessa
  6285 | D:6      | Killed Dowan
  6469 | D:6      | Reached skill level 9 in Axes
  6522 | D:6      | Found an iron altar of Okawaru.
  6530 | D:6      | Became a worshipper of Warmaster Okawaru
  6530 | D:6      | Reached * piety under Okawaru
  6530 | D:6      | Reached ** piety under Okawaru
  6629 | D:6      | Killed Crazy Yiuf
  6723 | D:7      | Reached XP level 9. HP: 73/78 MP: 5/8
  6786 | D:7      | Noticed Maggie
  6798 | D:7      | Killed Maggie
  7068 | D:7      | Noticed a kobold demonologist
  7074 | D:7      | Killed a kobold demonologist
  7083 | D:7      | Reached skill level 1 in Invocations
  7094 | D:7      | Reached skill level 1 in Evocations
  7180 | D:7      | Found Qeqirrob's Vocational Training.
  7514 | D:7      | Reached skill level 1 in Necromancy
  7534 | D:7      | Reached skill level 10 in Axes
  7639 | D:7      | Reached *** piety under Okawaru
  7803 | D:8      | Reached XP level 10. HP: 71/88 MP: 7/10
  8183 | D:7      | Reached **** piety under Okawaru
  8236 | D:8      | Reached skill level 11 in Axes
  8251 | D:8      | Noticed a two-headed ogre
  8349 | D:8      | Killed a two-headed ogre
  8489 | D:8      | Found a staircase to the Lair.
  8507 | D:8      | Reached ***** piety under Okawaru
  8713 | D:8      | Noticed Gastronok
  8718 | D:8      | Noticed Pikel
  8726 | D:8      | Killed Gastronok
  8727 | D:8      | Reached XP level 11. HP: 62/95 MP: 10/13
  8730 | D:8      | Killed Pikel
  8731 | D:8      | Reached skill level 10 in Ranged Weapons
  8905 | D:8      | Reached skill level 12 in Axes
  9426 | D:9      | Identified 2 scrolls of acquirement
  9427 | D:9      | Acquired 1128 gold pieces
  9429 | D:9      | Acquired the ring of Mydic {Ice Drain +Blink rElec Slay+5}
  9532 | D:9      | Noticed Erolcha
  9536 | Arena    | Entered the Arena
  9547 | Arena    | Killed Erolcha
  9718 | D:9      | Found a staircase to the Orcish Mines.
 10344 | D:9      | Found a hide-covered altar of Uskayaw.
 10874 | Orc:1    | Entered Level 1 of the Orcish Mines
 10874 | Orc:1    | Noticed an orc sorcerer
 10877 | Orc:1    | Killed an orc sorcerer
 10877 | Orc:1    | Noticed Jorgrun
 11078 | D:9      | Reached skill level 5 in Invocations
 11188 | D:10     | Entered Level 10 of the Dungeon
 11237 | D:10     | Found a snail-covered altar of Cheibriados.
 11362 | D:10     | Noticed a two-headed ogre
 11367 | D:10     | Killed a two-headed ogre
 11368 | D:10     | Reached skill level 13 in Axes
 11603 | D:10     | Identified the ring of Midsummer {rPois Will+++ rCorr Str-3
                  | SInv}
 11724 | D:10     | Received a gift from Okawaru
 11815 | D:10     | Reached skill level 5 in Evocations
 11815 | D:10     | Reached XP level 12. HP: 95/106 MP: 12/15
 11940 | D:10     | Found a blossoming altar of Fedhas.
 12374 | D:10     | Found a shimmering blue altar of Sif Muna.
 12545 | Orc:1    | Noticed Fannar
 12557 | Orc:1    | HP: 5/106 [constriction (7)]
 12558 | Orc:1    | Slain by Jorgrun

Illustrated notes

Levels and vault maps discovered:
D:1:      lemuel_arrival_behind_the_door_small, layout_rooms
D:2:      layout_loops_ring, kennysheep_generic_room_2
D:3:      layout_basic, tgw_trog, nicolae_overflow_crystal_walls,
          nicolae_elyvilon_temple_path, nzn_hepliaklqana_mist_gate,
          gammafunk_ghost_grave, kennysheep_nub, st_stairs_3,
          minmay_stone_trees_small, nrook_loot_triangle
D:4:      layout_loops_corners, grunt_dithmenos_smoke,
          ebering_ghost_disaster_area, minmay_gold_behind_fungi
D:5:      layout_basic, mainiacjoe_overflow_surrounded_room, uniq_ijyb
D:6:      layout_cave_pools, kennysheep_okawaru_gauntlet,
          minmay_temple_entry_glassed_door, uniq_duvessa,
          uniq_crazy_yiuf_cottage
D:7:      minmay_bubble_buster, layout_basic, nicolae_shop_vocational,
          uniq_maggie
D:8:      layout_basic, minmay_lair_entry_grove, uniq_gastronok, uniq_pikel
D:9:      layout_layer_cave, nicolae_uskayaw_dance_studio, orc_0_dummy,
          uniq_erolcha
D:10:     minmay_razor_zed, layout_loops_ring, slow_altar_1,
          mainiacjoe_overflow_big_doors
Temple:   nicolae_temple_bog_church
Orc:1:    layout_caves, uniq_fannar, uniq_jorgrun

Skill      XL: |  1  2  3  4  5  6  7  8  9 10 11 |
---------------+----------------------------------+-----
Axes           | 4 5 6 7 9 10 11 13 | 13.4
Stealth        | 2 3 4 |  4.9
Fighting       | 4 5 6 7 8 9 |  9.9
Ranged Weapons | 1 2 3 5 6 8 9 11 | 11.5
Invocations    | 2 4 5 |  5.5
Evocations     | 2 3 5 |  5.1
Necromancy     | 1 2 |  2.8
Dodging        | |  3.2

Action                   |  1- 3 |  4- 6 |  7- 9 | 10-12 || total
-------------------------+-------+-------+-------+-------++-------
Melee: Hand axe          |    80 |    28 |    85 |     5 ||   198
       Headbutt          |    12 |    14 |    36 |    53 ||   115
       Mace              |       |    74 |    32 |       ||   106
       Quarterstaff      |       |       |    57 |     9 ||    66
       Halberd           |       |       |       |    75 ||    75
       Battleaxe         |       |       |       |   131 ||   131
 Fire: Sling             |     7 |    61 |    21 |    21 ||   110
       Hand crossbow     |       |       |       |    43 ||    43
Throw: Dart              |       |     9 |    22 |    25 ||    56
       Throwing net      |       |       |     1 |     1 ||     2
Invok: Heroism           |       |       |     5 |    19 ||    24
       Finesse           |       |       |       |     1 ||     1
       Duel              |       |       |       |     1 ||     1
Evoke: Wand              |       |       |     1 |       ||     1
  Use: Scroll            |     3 |     4 |     3 |    14 ||    24
       Potion            |       |       |       |     1 ||     1
 Stab: Sleeping          |     8 |     2 |       |       ||    10
       Invisible         |       |       |       |     3 ||     3
Armor: Robe              |    13 |     8 |       |       ||    21
       Chain mail        |       |    10 |       |       ||    10
       Plate armour      |       |    15 |    96 |   247 ||   358
Dodge: Dodged            |    65 |    62 |    65 |   154 ||   346
Block: Buckler           |       |     8 |     9 |       ||    17

Table legend: (Time is in decaauts)
 A = Elapsed time spent in this place.
 B = Non-inter-level travel time spent in this place.
 C = Inter-level travel time spent in this place.
 D = Time resting spent in this place.
 E = Time spent auto-exploring this place.
 F = Levels seen in this place.
 G = Mean time per level.
                   A        B        C        D        E       F      G
               +--------+--------+--------+--------+--------+-----+--------+
         Total |  12674 |  12313 |    361 |   2805 |   7248 |  13 |  974.9 |
       Dungeon |  12401 |  12057 |    344 |   2790 |   7070 |  10 | 1240.1 |
        Temple |    204 |    189 |     15 |      0 |    178 |   1 |  204.0 |
  Orcish Mines |     38 |     36 |      2 |      0 |      0 |   1 |   38.0 |
         Arena |     28 |     28 |      0 |     15 |      0 |   1 |   28.0 |
               +--------+--------+--------+--------+--------+-----+--------+

Top non-repeatable levels by time:
     D:7: 2040 daAuts
     D:9: 1958 daAuts
     D:4: 1495 daAuts
     D:6: 1264 daAuts
     D:8: 1241 daAuts
    D:10: 1203 daAuts
     D:5: 973 daAuts
     D:3: 799 daAuts
     D:2: 744 daAuts
     D:1: 682 daAuts
  Temple: 204 daAuts
   Orc:1: 38 daAuts
   Arena: 28 daAuts
